 Dungeon Crawl Stone Soup version 0.17-a0-1430-g49fde19 (webtiles) character file.

7459 emikaela the Covert (level 11, -12/106 HPs)
             Began as a Kobold Assassin on June 25, 2015.
             Was a Priest of Trog.
             Mangled by an ice beast (14 damage)
             ... summoned by Fannar
             ... on level 10 of the Dungeon.
             The game lasted 00:58:02 (9566 turns).

emikaela the Covert (Kobold Assassin)               Turns: 9566, Time: 00:58:02

Health: -12/106    AC: 11    Str: 19    XL:     11   Next: 37%
Magic:  11/11      EV: 25    Int:  9    God:    Trog [***...]
Gold:   325        SH:  0    Dex: 21    Spells: 0 memorised, 10 levels left

rFire  . . .     SeeInvis .     a - +4 dagger (freeze)
rCold  . . .     Clarity  .     N - +3 ring mail
rNeg   . . .     SustAt   .     (shield restricted)
rPois  +         Gourm    .     e - +0 helmet
rElec  .         Spirit   .     q - +1 cloak {rPois}
rCorr  .         Warding  .     (no gloves)
rMut   .         Stasis   .     (no boots)
MR     ++...                    (no amulet)
Stlth  ..........               B - +3 ring of evasion
                                I - +4 ring of strength

@: berserking, regenerating, very quick, very resistant to hostile enchantments,
extremely unstealthy
A: carnivore 3, spit poison 1
a: Spit Poison, Burn Spellbooks, Berserk, Trog's Hand, Renounce Religion


You were on level 10 of the Dungeon.
You worshipped Trog.
Trog was most pleased with you.
You were very full.

You visited 1 branch of the dungeon, and saw 10 of its levels.

You collected 442 gold pieces.
You spent 117 gold pieces at shops.

Inventory:

Hand weapons
 a - a +4 dagger of freezing (weapon)
 b - a +0 blowgun
 K - a +1 dagger of flaming
 R - a +2 dagger of venom
Missiles
 f - 10 curare-tipped needles
 l - 383 stones
 o - 31 arrows of frost
 s - 39 sling bullets
 u - 29 poisoned arrows
 v - 101 arrows
 y - 55 poisoned needles
 C - 96 bolts
 J - 3 throwing nets
 L - 10 tomahawks (quivered)
Armour
 e - a +0 helmet (worn)
 q - a +1 cloak of poison resistance (worn)
 M - a +2 cloak
 N - a +3 ring mail (worn)
 Q - a +0 robe of magic resistance
Jewellery
 t - an uncursed ring of fire
 B - a +3 ring of evasion (right hand)
 F - an uncursed ring of protection from magic
 I - a +4 ring of strength (left hand)
Magical devices
 x - a wand of enslavement (22)
 z - a wand of cold (6)
 A - a wand of cold (12)
 G - a wand of cold (8)
 H - a wand of random effects (22)
Scrolls
 c - a scroll of blinking
 h - 5 scrolls of remove curse
 i - 2 scrolls of teleportation
 k - 3 scrolls of immolation
 n - a scroll of fog {unknown}
 D - a scroll of recharging
 P - a scroll of fear
Potions
 j - 4 potions of curing
 m - 2 potions of resistance
 w - 3 potions of heal wounds
 E - 2 potions of might
 O - 2 potions of agility
Comestibles
 d - 7 beef jerkies
 g - 6 meat rations
 p - a slice of pizza


   Skills:
 + Level 9.2 Fighting
 - Level 10.0 Short Blades
 - Level 10.0 Throwing
 + Level 9.7 Dodging
 + Level 11.0 Stealth


You had 10 spell levels left.
You didn't know any spells.

Dungeon Overview and Level Annotations

Branches:
Dungeon (10/15)              Lair (0/8) D:10
 Temple: D:4-7          Orc: D:9-12

Altars:
Ashenzari
Cheibriados
Dithmenos
Elyvilon
Fedhas
Gozag
Qazlal
Ru
Sif Muna
Trog
Xom
Zin

Shops:
D:6 :   D:8 (   D:10 [

Annotations:
D:10 Fannar


Innate Abilities, Weirdness & Mutations

You are small and have problems with some larger weapons.
You are carnivorous and can eat meat at any time.
You can spit weak poison.


Message History

Fannar is heavily wounded.
Fannar blocks your attack.
Fannar is heavily wounded.
You are too berserk!
You hit Fannar but do no damage.
Fannar is heavily wounded.
Fannar casts a spell at you. The bolt of cold hits you!
* * * LOW HITPOINT WARNING * * *
The ice beast misses you. Fannar blocks your attack.
Fannar is heavily wounded.
You hit Fannar.
Fannar is heavily wounded.
You barely miss Fannar.
Fannar is heavily wounded.
Fannar hits you but does no damage. The ice beast hits you.
* * * LOW HITPOINT WARNING * * *
The ice beast freezes you!
You die...

#.#<...........#
#....#####.###.# #
####.........#.# #
######........##.#####
..............)...)...
###.###.####%#########
### #...# #.#
#...##Y## #[# #.e@/#
#.# .$...(...# #..
.....###.# #.# ....
..# .# ... ### .. #


You could see Fannar and an ice beast.

Vanquished Creatures
  Sonja (D:10)
  The ghost of Xoff the Skirmisher, an experienced MiFi of Dithmenos (D:7)
  2 hill giants
  A cyclops (D:7)
  Sigmund (D:5)
  A wyvern (D:9)
  A hippogriff (D:9)
  A soldier ant (D:7)
  2 sky beasts
  4 ice beasts
  2 black bears
  6 ogres
  3 centaurs
  6 phantoms
  2 big kobolds (D:7)
  3 giant frogs
  A wyvern zombie (D:7)
  6 scorpions
  4 wights (D:7)
  4 killer bees (D:9)
  5 crimson imps
  2 giant frog zombies (D:5)
  A jelly (D:6)
  Crazy Yiuf (D:7)
  4 orc priests
  2 centaur skeletons
  6 hounds
  6 orc wizards
  Natasha (thrice) (D:2)
  5 iguanas
  10 worker ants
  2 worker ant zombies (D:7)
  Robin (D:2)
  4 gnolls (D:4)
  6 adders
  3 shadow imps
  An adder zombie (D:7)
  2 adder skeletons (D:9)
  A worm (D:3)
  20 orcs
  A ball python (D:2)
  A bat skeleton (D:6)
  13 hobgoblins
  11 jackals
  15 bats
  8 giant cockroaches
  3 giant gecko skeletons (D:4)
  2 giant newts
  17 goblins
  A jackal skeleton (D:7)
  26 kobolds
  4 quokkas
  14 rats
  A butterfly (D:7)
254 creatures vanquished.

Notes
Turn   | Place    | Note
--------------------------------------------------------------
     0 | D:1      | emikaela the Kobold Assassin began the quest for the Orb.
     0 | D:1      | Reached XP level 1. HP: 12/12 MP: 1/1
   169 | D:1      | Reached XP level 2. HP: 17/17 MP: 2/2
   620 | D:2      | Noticed Natasha
   627 | D:2      | Killed Natasha
   627 | D:2      | Reached skill level 5 in Short Blades
   627 | D:2      | Reached XP level 3. HP: 21/21 MP: 3/3
   630 | D:2      | Noticed Natasha
   643 | D:2      | Killed Natasha
   643 | D:2      | Reached XP level 4. HP: 11/26 MP: 4/4
   784 | D:2      | Noticed Natasha
   790 | D:2      | Killed Natasha
  1356 | D:2      | Noticed Robin
  1493 | D:2      | Killed Robin
  1493 | D:2      | Reached skill level 6 in Short Blades
  1721 | D:3      | Reached XP level 5. HP: 30/30 MP: 5/5
  1812 | D:3      | Found a stormy altar of Qazlal.
  1861 | D:3      | Found a faded altar to an unknown god.
  2386 | D:4      | Gained mutation: You can spit weak poison. [potion of beneficial mutation]
  2871 | D:4      | Reached skill level 7 in Short Blades
  2918 | D:4      | Reached XP level 6. HP: 35/35 MP: 6/6
  3094 | D:5      | Entered Level 5 of the Dungeon
  3120 | D:5      | Found a sacrificial altar of Ru.
  3128 | D:5      | Became a worshipper of Ru the Awakened
  3186 | D:5      | Reached skill level 8 in Short Blades
  3288 | D:5      | Found a shimmering altar of Xom.
  3303 | D:5      | Found a shattered altar of Ashenzari.
  3376 | D:5      | Reached XP level 7. HP: 13/40 MP: 7/7
  3383 | D:5      | HP: 2/40 [hobgoblin zombie[a shadow imp] (3)]
  3856 | D:5      | Found a blossoming altar of Fedhas.
  3915 | D:5      | Reached skill level 9 in Short Blades
  4297 | D:5      | Noticed Sigmund
  4316 | D:5      | Killed Sigmund
  4316 | D:5      | Reached XP level 8. HP: 40/44 MP: 8/8
  4393 | D:5      | Found a glowing silver altar of Zin.
  4441 | D:5      | Reached skill level 10 in Short Blades
  4698 | D:5      | Found a bloodstained altar of Trog.
  4709 | D:5      | Fell from the grace of Ru
  4709 | D:5      | Became a worshipper of Trog the Wrathful
  4853 | D:5      | Found a shadowy altar of Dithmenos.
  5229 | D:6      | Found Rilaveysas's Book Emporium.
  5392 | D:6      | Reached XP level 9. HP: 40/52 MP: 9/9
  5488 | D:6      | Acquired Trog's first power
  5531 | D:6      | Found a white marble altar of Elyvilon.
  5659 | D:6      | Reached skill level 5 in Fighting
  5659 | D:6      | Reached skill level 5 in Dodging
  5743 | D:6      | Reached skill level 10 in Stealth
  6370 | D:7      | Acquired Trog's second power
  6474 | D:7      | Found a runed door.
  6536 | D:7      | Found a runed door.
  6833 | D:7      | Reached skill level 5 in Throwing
  6950 | D:7      | Noticed a cyclops
  6954 | D:7      | Killed a cyclops
  6954 | D:7      | Reached XP level 10. HP: 61/61 MP: 10/10
  7299 | D:7      | Noticed Xoff's ghost (experienced MiFi)
  7325 | D:7      | Killed Xoff's ghost
  7439 | D:7      | Noticed Crazy Yiuf
  7442 | D:7      | Killed Crazy Yiuf
  7642 | D:8      | Found Osonkihu's Antique Weapon Emporium.
  7653 | D:7      | Found a snail-covered altar of Cheibriados.
  7777 | D:8      | Found an opulent altar of Gozag.
  7828 | D:8      | Noticed a hill giant
  7843 | D:8      | Killed a hill giant
  8117 | D:8      | Found a deep blue altar of Sif Muna.
  8360 | D:9      | Reached XP level 11. HP: 69/69 MP: 11/11
  8708 | D:9      | Reached skill level 10 in Throwing
  9066 | D:10     | Entered Level 10 of the Dungeon
  9139 | D:10     | Noticed a hill giant
  9155 | D:10     | Killed a hill giant
  9165 | D:10     | Noticed Sonja
  9175 | D:10     | Killed Sonja
  9175 | D:10     | Reached skill level 11 in Stealth
  9506 | D:10     | Found Ycloetuurph's Antique Armour Boutique.
  9513 | D:10     | Found a staircase to the Lair.
  9518 | D:10     | Bought an embroidered cloak for 117 gold pieces
  9539 | D:10     | Noticed Fannar
  9563 | D:10     | HP: 3/106 [Fannar/bolt of cold (37)]
  9566 | D:10     | Mangled by an ice beast

Vault maps used:
D:1:      dpeg_arrival_pits
D:2:      first_bread, uniq_robin, uniq_natasha
D:3:      lemuel_coloured_pillars_altar, ecumenical_altar_1
D:4:      minmay_ruptured
D:5:      grunt_dithmenos_shadows, kennysheep_mini_moat, lemuel_round_altar,
          nicolae_overflow_crystal_walls, grunt_temple_overflow_open,
          trog_hazing_becter, uniq_sigmund
D:6:      old_standard_altar, minmay_temple_entry_from_below_a,
          portal_sewer_entry_e, serial_shops, shop
D:7:      lemuel_insect_pit, nicolae_overflow_hidden_temple,
          serial_bayou_pond_e, grunt_ogre_cave, uniq_crazy_yiuf_cottage
D:8:      lemuel_blue_sif_altar, grunt_gozag_statues, serial_shops,
          nicolae_shop_crystal
D:9:      spider_trap
D:10:     lair_0_dummy, erik_orc_1, serial_shops,
          nicolae_shop_overgrown_old_shop, uniq_josephine, uniq_sonja,
          uniq_fannar

Action                   |  1- 3 |  4- 6 |  7- 9 | 10-12 || total
-------------------------+-------+-------+-------+-------++-------
Melee: Dagger            |    47 |   128 |   333 |   327 ||   835
 Fire: Blowgun           |     9 |    58 |   102 |    77 ||   246
Throw: Stone             |     1 |     1 |     1 |       ||     3
       Tomahawk          |       |       |    22 |     5 ||    27
       Throwing net      |       |       |       |     3 ||     3
Invok: Berserk           |       |       |     1 |     4 ||     5
       Trog's Hand       |       |       |       |     4 ||     4
       Burn Spellbooks   |       |       |       |     1 ||     1
  Use: Scroll            |       |    10 |    10 |     4 ||    24
       Potion            |       |     1 |     2 |       ||     3
 Stab: Sleeping          |     4 |    15 |    24 |    20 ||    63
       Distracted        |       |     2 |     6 |     1 ||     9
  Eat: Chunk             |     7 |     9 |    12 |    11 ||    39
